General information
			
			
        
        - name: 1v1 Obs from 0bs w/ <11
 
        - type: Custom game
 
        - host: ElectricCoolAid
 
        - saver: bLinn
 
        
map: EchoIsles 
        - players: 12
 
        - length: 07:45
 
        - speed: Fast
 - version: 1.22 W3XP
 - replay type:  

 
» download(27 KB)
Players
        team 1 (loser) 
              
              
ElectricCoolAid (
red | 68 APM | 526 actions | 07:42)
              
 2 Blademaster 
 1 Wind Walk
 1 Critical Strike
 1 Shadow Hunter 
 1 Hex
 
                » actions 
                
                | Assign group hotkey | 2 |  | 
| Basic commands | 8 |  | 
| Build / train | 28 |  | 
| Enter build submenu | 11 |  | 
| Enter hero's abilities submenu | 3 |  | 
| Give item / drop item | 3 |  | 
| Remove unit from queue | 1 |  | 
| Right click | 277 |  | 
| Select / deselect | 153 |  | 
| Use ability | 40 |  | 
                526 total
 » units 
                » upgrades
                » buildings
                
                | Altar of Storms | 1 |  | 
| Orc Burrow | 4 |  | 
| Barracks | 1 |  | 
| Voodoo Lounge | 1 |  | 
| Stronghold | 1 |  | 
| Beastiary | 1 |  | 
| War Mill | 1 |  | 
| Spirit Lodge | 1 |  | 
                11 total
 » build order
                00:05 Altar of Storms
00:14 Orc Burrow
00:36 Barracks
01:22 Orc Burrow
02:00 Voodoo Lounge
02:37 Stronghold
03:15 Orc Burrow
04:10 Orc Burrow
05:22 Beastiary
05:45 War Mill
06:25 Spirit Lodge
» items
                
                | Healing Salve | 3 |  | 
| Gloves of Haste | 1 |  | 
| Circlet of Nobility | 1 |  | 
| Lesser Clarity Potion | 1 |  | 
| Boots of Speed | 1 |  | 
| Dust of Appearance | 3 |  | 
                10 total
  
               team 2 (winner) 
              
              
bLinn (
purple | 118 APM | 913 actions | 07:45)
              
 2 Blademaster 
 1 Wind Walk
 1 Critical Strike
 1 Shadow Hunter 
 1 Hex
 
                » actions 
                
                | Assign group hotkey | 55 |  | 
| Basic commands | 3 |  | 
| Build / train | 49 |  | 
| Enter build submenu | 11 |  | 
| Enter hero's abilities submenu | 4 |  | 
| Remove unit from queue | 3 |  | 
| Right click | 413 |  | 
| Select / deselect | 130 |  | 
| Select group hotkey | 212 |  | 
| Use ability | 33 |  | 
                913 total
 » units 
                
                | Peon | 8 |  | 
| Grunt | 8 |  | 
| Raider | 1 |  | 
| Spirit Walker | 1 |  | 
                18 total
 » upgrades
                
                | Pillage | 0 |  | 
| Berserker Strength | 1 |  | 
| Ensnare | 1 |  | 
| Spirit Walker Training | 1 |  | 
                3 total
 » buildings
                
                | Altar of Storms | 1 |  | 
| Orc Burrow | 5 |  | 
| Barracks | 1 |  | 
| Stronghold | 5 |  | 
| Voodoo Lounge | 1 |  | 
| Beastiary | 1 |  | 
| Spirit Lodge | 1 |  | 
| War Mill | 1 |  | 
                16 total
 » build order
                00:02 Altar of Storms
00:12 Orc Burrow
00:38 Barracks
01:24 Orc Burrow
02:38 Stronghold
02:38 Stronghold
02:39 Stronghold
03:11 Voodoo Lounge
03:34 Orc Burrow
03:36 Orc Burrow
05:04 Beastiary
05:08 Spirit Lodge
06:23 Orc Burrow
07:19 War Mill
» items
                
                | Healing Salve | 2 |  | 
| Lesser Clarity Potion | 1 |  | 
| Scroll of Speed | 1 |  | 
                4 total
  
               observersx[Link]x, 
ActionJackson3, 
TIMG4STRok, 
Loser-for-Life, 
Cpt_Brannigan, 
Plack, 
Tesla., 
ojay94, 
5yjhyn, 
NoKturnal Chat log
          (00:29 / All) bLinn: ETA
(00:33 / All) ElectricCoolAid: 0_0
(00:40 / All) ElectricCoolAid: 5 minutes
(00:50 / All) bLinn: en taro adun . . .
(00:58 / All) ElectricCoolAid: what ht elatin
(01:03 / All) bLinn: ya
(01:09 / All) bLinn: latin for ur mother isapig
(01:17 / All) ElectricCoolAid: with lipstick though
(01:21 / All) bLinn: ofc